 Dungeon Sprint DCSS version 0.20-a0-556-g892c87b (webtiles) character file.

5 dvd the Basher (level 7, 0/120 HPs)
             Began as a Troll Berserker on Feb 4, 2017.
             Was a Believer of Trog.
             Slain by a worker ant (6 damage)
             ... in the Dungeon (Sprint VI: "Thunderdome").
             The game lasted 00:02:50 (228 turns).

dvd the Basher (Troll Berserker)                     Turns: 228, Time: 00:02:51

Health: 0/120      AC:  1    Str: 43    XL:     7   Next: 31%
Magic:  15/15      EV: 13    Int: 13    God:    Trog [**....]
Gold:   75         SH:  0    Dex: 11    Spells: 6/6 levels left

rFire    . . .     SeeInvis +   a - +0 mace
rCold    + . .     Gourm    +   b - +0 animal skin
rNeg     . . .     Faith    .   (no shield)
rPois    +         Spirit   .   (helmet restricted)
rElec    .         Reflect  .   (no cloak)
rCorr    .         Harm     .   (gloves unavailable)
MR       .....     NoTele   +   (boots unavailable)
Stlth    ..........             n - amulet "Hoev" {RegenMP *Corrode MP+9 Str+6 Int+3}
Regen    0.7/turn               p - ring "Arose" {rC+ Str+6}
                                o - ring of Igoso {*Corrode rPois Int+7 SInv Stlth+}

@: berserking, lethally poisoned (0 -> 0), corroded, very quick
A: unfitting armour, claws 3, fast metabolism 3, gourmand, regeneration 1,
shaggy fur 1, tough skin 2
a: Berserk, Trog's Hand, Burn Spellbooks, Renounce Religion


You were in the Dungeon.
You worshipped Trog.
Trog was pleased with you.
You were not hungry.

You visited 1 branch You collected 210 gold pieces.
You spent 135 gold pieces at shops.

Inventory:

Hand Weapons
 a - a +0 mace (weapon)
Armour
 b - a +0 animal skin (worn)
Jewellery
 n - the amulet "Hoev" (around neck) {RegenMP *Corrode MP+9 Str+6 Int+3}
   (You bought it in a shop in the Dungeon)

   [amulet of magic regeneration]

   It increases your magic regeneration.
   It affects your strength (+6).
   It affects your intelligence (+3).
   It affects your magic capacity (+9).
   It may corrode you when you take damage.
 o - the ring of Igoso (left claw) {*Corrode rPois Int+7 SInv Stlth+}
   (You bought it in a shop in the Dungeon)

   [ring of stealth]

   It affects your intelligence (+7).
   It protects you from poison.
   It lets you see invisible.
   It may corrode you when you take damage.
   It makes you more stealthy.
 p - the ring "Arose" (right claw) {rC+ Str+6}
   (You bought it in a shop in the Dungeon)

   [ring of protection from cold]

   It affects your strength (+6).
   It protects you from cold.
Wands
 j - a wand of acid (5/15)
 k - a wand of iceblast (5/15)
Scrolls
 i - 4 scrolls of blinking
 l - 3 scrolls of fog
Potions
 d - a potion of curing
 e - 4 potions of heal wounds
 f - 4 potions of haste
 g - 2 potions of magic
 h - a potion of berserk rage
 m - a potion of resistance
Comestibles
 c - 2 bread rations


   Skills:
 + Level 8.2 Fighting
 + Level 8.9 Maces & Flails
 + Level 8.0 Dodging
 + Level 1.0 Stealth


You had 6 spell levels left.
You didn't know any spells.

Dungeon Overview and Level Annotations

Branches:
Dungeon (1/1)

Altars:
Cheibriados
Dithmenos
Fedhas
Gozag
Kikubaaqudgha
Makhleb
Okawaru
Qazlal
Ru
Sif Muna
Trog
Uskayaw
Vehumet
Xom
Yredelemnul
Zin
The Shining One
Beogh
Jiyva
Lugonu

Shops:
D *[%??*?*:[((!!!!


Innate Abilities, Weirdness & Mutations

You are too large for most types of armour.
You have claws for hands.
Your metabolism is lightning-fast.
You like to eat raw meat.
Your natural rate of healing is unusually fast.
You are covered in fur. (AC +1)
You have very tough skin. (AC +2)


Message History

You feel sick. The queen ant stings you!!
* * * LOW HITPOINT WARNING * * *
The worker ant completely misses you.
You thump the queen ant!
You kill the queen ant!
Trog accepts your kill.
Your Fighting skill gained 4 levels and is now at level 8!
Your Maces & Flails skill gained 4 levels and is now at level 8!
Your Dodging skill gained 4 levels and is now at level 8!
Your Stealth skill increases to level 1!
You have reached level 4!
You have reached level 5!
You have reached level 6!
Your experience leads to an increase in your attributes!
Your base attributes are Str 25, Int 3, Dex 10.
Increase (S)trength, (I)ntelligence, or (D)exterity?
You feel agile.
You feel stronger.
You have reached level 7!
The worker ant bites you.
You die...

#.....# ##.....## ##∩.....∩##
#∩.......∩# #_........#
#_......._# #_........#
###.......†.###
#⌠.......a@..⌠#
######.8.........8(######
##∩___......###......_._∩##
#∩........8.# #.8........∩###
............###.............##
.........###...###..........⌠#
.........# #.<.# #..........⌠#
.........###...###.)........⌠#
............###.............##


You could see a worker ant.

Vanquished Creatures
  A queen ant (D)
  2 worker ants (D)
  An adder (D)
  A worm (D)
  A kobold (D)
6 creatures vanquished.

Notes
Turn   | Place    | Note
-------+----------+-------------------------------------------
     0 | D        | dvd the Troll Berserker began the quest for the Orb.
     0 | D        | Reached XP level 1. HP: 22/22 MP: 0/0
     2 | D        | Found an iron altar of Okawaru.
     2 | D        | Found a deep blue altar of Sif Muna.
     3 | D        | Found a glowing silver altar of Zin.
     3 | D        | Found a viscous altar of Jiyva.
     4 | D        | Found a shadowy altar of Dithmenos.
     4 | D        | Found a basalt altar of Yredelemnul.
     5 | D        | Found Imash's Bee Food.
     5 | D        | Found a stormy altar of Qazlal.
     5 | D        | Found a roughly hewn altar of Beogh.
     5 | D        | Found Coplun's Identification Station.
     5 | D        | Round 1.
     6 | D        | Found Yklilirch's Jewellery.
     6 | D        | Found Bampy's Advanced Armour.
    14 | D        | Bought a shimmering silver amulet for 45 gold pieces
    14 | D        | Bought a pitted amber ring for 45 gold pieces
    14 | D        | Bought a flickering steel ring for 45 gold pieces
    14 | D        | Identified the amulet "Hoev" {RegenMP *Corrode MP+9 Str+6 Int+3} (You bought it in a shop in the Dungeon)
    15 | D        | Identified the ring of Igoso {*Corrode rPois Int+7 SInv Stlth+} (You bought it in a shop in the Dungeon)
    16 | D        | Identified the ring "Arose" {rC+ Str+6} (You bought it in a shop in the Dungeon)
    22 | D        | Found a corrupted altar of Lugonu.
    24 | D        | Found Itautroe's Magic Scroll Shop.
    25 | D        | Found a blossoming altar of Fedhas.
    25 | D        | Found Piposh's Staff Store.
    25 | D        | Found Pokk's Magic Scroll Shop.
    25 | D        | Found Xoroc's Must-Have Magic.
    29 | D        | Found a snail-covered altar of Cheibriados.
    34 | D        | Reached XP level 2. HP: 31/31 MP: 1/1
    41 | D        | Found an opulent altar of Gozag.
    43 | D        | Found Rizxuj's Distillery.
    44 | D        | Found Axet's Distillery.
    44 | D        | Found Voes's Bottled Wisdom.
    44 | D        | Found a sacrificial altar of Ru.
    44 | D        | Found a radiant altar of Vehumet.
    44 | D        | Found a burning altar of Makhleb.
    44 | D        | Found Zaotuirph's Do-It-Yourself Clinic.
    50 | D        | Found a bloodstained altar of Trog.
    52 | D        | Found a hide-covered altar of Uskayaw.
    53 | D        | Found Her Ytee's Weapon Rack.
    54 | D        | Found Harah's Basic Armour.
    54 | D        | Found Ifuvea's Miscellaneous Merchandise.
    55 | D        | Found a glowing golden altar of the Shining One.
    55 | D        | Found an ancient bone altar of Kikubaaqudgha.
    55 | D        | Found a shimmering altar of Xom.
    55 | D        | Found Ceffev's Premium Goods.
    83 | D        | Reached ** piety under Trog
   155 | D        | Reached XP level 3. HP: 12/39 MP: 2/2
   184 | D        | Arena points: 5 (+5) [x1]
   199 | D        | Round 2.
   211 | D        | Noticed a queen ant
   227 | D        | HP: 3/60 [queen ant (18)]
   228 | D        | Killed a queen ant
   228 | D        | Reached skill level 1 in Stealth
   228 | D        | Reached XP level 4. HP: 4/57 MP: 3/3
   228 | D        | Reached XP level 5. HP: 4/63 MP: 4/4
   228 | D        | Reached XP level 6. HP: 5/72 MP: 5/5
   228 | D        | Reached XP level 7. HP: 6/80 MP: 6/6
   228 | D        | Slain by a worker ant

Vault maps used:
D:        arena_sprint

Skill      XL: |  1  2  3 |
---------------+----------+-----
Fighting       | 3 8 |  8.2
Maces & Flails | 3 4 8 |  8.9
Dodging        | 3 8 |  8.0
Stealth        | 1 |  1.0

Action                   |  1- 3 |  4- 6 |  7- 9 || total
-------------------------+-------+-------+-------++-------
Melee: Mace              |    35 |       |       ||    35
Invok: Berserk           |     2 |       |       ||     2
       Trog's Hand       |     1 |       |       ||     1
  Eat: Chunk             |     5 |       |       ||     5
Armor: Animal skin       |     8 |       |       ||     8
Dodge: Dodged            |    21 |       |       ||    21
